 Dungeon Crawl Stone Soup version 0.14.0-26-g1682e81 (webtiles) character file.

4433 Heini the Cleaver (level 10, 0/91 HPs)
             Began as a Hill Orc Fighter on Apr 27, 2014.
             Was a Believer of Okawaru.
             Slain by a killer bee (1 damage)
             ... on Level 9 of the Dungeon.
             The game lasted 00:28:12 (7618 turns).

Heini the Cleaver (Hill Orc Fighter)                Turns: 7618, Time: 00:28:13

HP   0/91        AC 15     Str 23      XL: 10   Next: 27%
MP   8/10        EV  8     Int  8      God: Okawaru [**....]
Gold 313         SH 23     Dex 10      Spells:  0 memorised,  9 levels left

rFire  . . .     SeeInvis .     a - +1,+0 war axe
rCold  . . .     Clarity  .     b - +0 scale mail (curse)
rNeg   + . .     Conserve .     c - +0 shield
rPois  .         rCorr    .     l - +1 helmet
rElec  .         rRot     .     (no cloak)
SustAb . .       Spirit   .     (no gloves)
rMut   .         Warding  .     p - +1 pair of boots
Saprov + . .     Stasis   .     (no amulet)
MR     .....                    (no ring)
                                o - cursed ring of positive energy

@: lethally poisoned, heroism, not resistant to hostile enchantments, very
unstealthy
A: saprovore 1
a: Heroism, Renounce Religion


You were on level 9 of the Dungeon.
You worshipped Okawaru.
Okawaru was pleased with you.
You were not hungry.

You visited 2 branches of the dungeon, and saw 10 of its levels.
You also visited: Ossuary.

You collected 313 gold pieces.

Inventory:

Hand weapons
 a - a +1,+0 war axe (weapon)
 h - a +1,+2 falchion of electrocution
 J - a cursed +3,+3 hand axe
Armour
 b - a cursed +0 scale mail (worn)
 c - a +0 shield (worn)
 l - a +1 helmet (worn)
 p - a +1 pair of boots (worn)
 A - a +0 pair of boots
Magical devices
 i - a wand of enslavement (23)
 q - a wand of frost (15)
 C - a wand of hasting (3)
 H - a wand of lightning (5) {unknown}
 M - a wand of slowing (5) {unknown}
Comestibles
 d - 2 meat rations
 j - 3 bread rations
 w - a beef jerky
 K - 9 cheeses
 N - 3 rotting chunks of gnoll flesh
 O - 2 apples
Scrolls
 e - a scroll of blinking
 f - 3 scrolls of fog
 r - 3 scrolls of remove curse
 x - 4 scrolls of teleportation
 y - a scroll of enchant weapon I
 E - a scroll of amnesia
Jewellery
 g - an uncursed ring of ice
 o - a cursed ring of positive energy (left hand)
 s - an uncursed ring of flight
 G - an uncursed ring of sustain abilities {unknown}
 I - an uncursed ring of ice
 P - an uncursed ring of protection from fire {unknown}
Potions
 m - 2 potions of flight
 n - 3 potions of restore abilities
 t - 2 potions of curing
 u - 2 potions of magic
 v - 2 potions of might
 z - 2 potions of haste
 B - 2 potions of agility
 F - a potion of resistance {unknown}
Books
 k - a Necronomicon {highlevel, unknown}

   This book is beyond your current level of understanding.

   Spells                             Type                      Level
   Haunt                              Necromancy/Summoning         7
   Borgnjor's Revivification          Necromancy                   8
   Death's Door                       Charms/Necromancy            8
   Necromutation                      Transmutation/Necromancy     8
 D - a book of Battle

   Spells                             Type                      Level
   Infusion                           Charms                       1
   Shroud of Golubria                 Charms/Translocation         2
   Song of Slaying                    Charms                       2
   Spectral Weapon                    Hexes/Charms                 3
   Regeneration                       Charms/Necromancy            3


   Skills:
 * Level 9.5(14.5) Fighting
 * Level 12.6(17.6) Axes
 * Level 9.1(14.1) Armour
 - Level 0.1(5.1) Dodging
 - Level 3.4(8.4) Shields
 + Level 0.2 Evocations


You had 9 spell levels left.
You didn't know any spells.

Dungeon Overview and Level Annotations

Branches:
Dungeon (9/15)             Temple (1/1) D:6
    Orc: D:9-12        Lair: D:8-11

Altars:
Ashenzari
Cheibriados
Dithmenos
Elyvilon
Fedhas
Kikubaaqudgha
Makhleb
Nemelex Xobeh
Okawaru
Sif Muna
Trog
Vehumet
Xom
Yredelemnul
Zin
The Shining One

Shops:
D:7 %


Innate Abilities, Weirdness & Mutations

You can tolerate rotten meat.


Message History

The killer bee is moderately wounded.
You feel sick. You block the killer bee's attack.
The killer bee barely misses you.
The killer bee stings you but does no damage.
Your shield and scale mail prevent you from hitting the killer bee.
The killer bee is moderately wounded.
You closely miss the killer bee.
The killer bee is lightly wounded.
The killer bee stings you.
* * * LOW HITPOINT WARNING * * *
You are lethally poisoned!
The killer bee poisons you! You block the killer bee's attack.
You block the killer bee's attack.
You closely miss the killer bee.
The killer bee is moderately wounded.
You slash the killer bee!
The killer bee is heavily wounded.
* * * LOW HITPOINT WARNING * * *
You feel sick. You block the killer bee's attack. The killer bee stings you.
You die...

..# .....#
..?...#
.......#
........#
........#
........#
.......k.#
.......k@#
.......%<#
.......<#
........#
........#
.......#
......#
.....# ..#


You could see 2 killer bees.

Vanquished Creatures
  A guardian mummy (Ossuary)
  A hog (D:7)
  A human (D:7)
  Menkaure (D:5)
  A hippogriff (D:7)
  A necrophage (D:3)
  2 ice beasts
  A sky beast (D:6)
  4 ogres
  3 phantoms
  2 centaurs
  A big kobold (D:8)
  3 giant frogs
  8 killer bees
  3 scorpions
  A troll skeleton (D:7)
  7 wights
  A quasit (D:5)
  An orc priest (D:7)
  5 crimson imps
  A hound (D:8)
  2 giant frog skeletons
  2 iguanas
  5 worker ants
  An elf skeleton (D:7)
  4 orc wizards
  3 sheep (D:7)
  Jessica (D:2)
  2 mummies
  9 adders
  11 gnolls
  2 inept feature mimics (D:7)
  2 shadow imps
  3 giant mites
  3 worms
  An adder skeleton (D:6)
  A giant eyeball (D:8)
  An ooze (D:5)
  11 orcs
  14 bats
  5 gnoll skeletons (Ossuary)
  14 goblins
  16 hobgoblins
  15 jackals
  2 ball pythons
  5 giant cockroaches
  5 giant geckos
  9 giant newts
  A hobgoblin zombie (D:6)
  A jackal skeleton (D:8)
  12 kobolds
  6 kobold skeletons (Ossuary)
  A kobold zombie (D:5)
  14 orc skeletons (Ossuary)
  An orc zombie (D:5)
  3 quokkas
  15 rats
252 creatures vanquished.

Notes
Turn   | Place    | Note
--------------------------------------------------------------
     0 | D:1      | Heini, the Hill Orc Fighter, began the quest for the Orb.
     0 | D:1      | Reached XP level 1. HP: 19/19 MP: 1/1
   142 | D:1      | Reached XP level 2. HP: 24/27 MP: 2/2
   191 | D:1      | Reached skill level 4 in Fighting
   378 | D:1      | Reached XP level 3. HP: 31/33 MP: 3/3
   641 | D:2      | Noticed Jessica
   653 | D:2      | Killed Jessica
   697 | D:2      | Reached XP level 4. HP: 34/41 MP: 4/4
  1563 | D:3      | Reached XP level 5. HP: 47/47 MP: 5/5
  1572 | D:3      | Noticed a necrophage
  1583 | D:3      | Killed a necrophage
  1583 | D:3      | Reached skill level 5 in Fighting
  1583 | D:3      | Reached skill level 5 in Armour
  1839 | D:3      | Reached XP level 6. HP: 53/53 MP: 6/6
  1851 | D:3      | Reached skill level 5 in Axes
  2354 | D:4      | Reached skill level 6 in Axes
  2354 | D:4      | Reached XP level 7. HP: 28/58 MP: 7/7
  2858 | D:5      | Entered Level 5 of the Dungeon
  2872 | D:5      | Reached skill level 7 in Axes
  2956 | D:5      | Noticed Menkaure
  2991 | D:5      | Killed Menkaure
  2991 | D:5      | Reached XP level 8. HP: 12/67 MP: 8/8
  3045 | D:5      | Found a deep blue altar of Sif Muna.
  3183 | D:5      | Found a sand-covered staircase.
  3193 | Ossuary  | Entered an ossuary
  3193 | Ossuary  | Noticed a guardian mummy
  3193 | Ossuary  | Noticed a guardian mummy
  3193 | Ossuary  | Noticed a guardian mummy
  3440 | Ossuary  | Noticed a guardian mummy
  3465 | Ossuary  | Killed a guardian mummy
  3465 | Ossuary  | Reached skill level 8 in Axes
  3732 | D:5      | Identified a scroll of acquirement
  3787 | D:5      | Reached skill level 9 in Axes
  4253 | D:6      | Found a blossoming altar of Fedhas.
  4377 | D:6      | Reached XP level 9. HP: 79/79 MP: 9/9
  4476 | D:6      | Found a bloodstained altar of Trog.
  4653 | D:6      | Reached skill level 10 in Axes
  4732 | D:6      | Found a staircase to the Ecumenical Temple.
  4898 | Temple   | Entered the Ecumenical Temple
  4902 | Temple   | Became a worshipper of Warmaster Okawaru
  5387 | D:7      | Found a snail-covered altar of Cheibriados.
  6107 | D:7      | Reached skill level 11 in Axes
  6163 | D:7      | Found Fraem's Food Boutique.
  6195 | D:7      | Acquired Okawaru's first power
  6538 | D:7      | Found a shimmering altar of Xom.
  6844 | D:7      | Reached XP level 10. HP: 70/91 MP: 10/10
  6850 | D:7      | Reached skill level 12 in Axes
  7503 | D:8      | Paralysed by a giant eyeball for 3 turns
  7617 | D:9      | HP: 2/91 [killer bee (5)]
  7618 | D:9      | Slain by a killer bee

Action                   |  1- 3 |  4- 6 |  7- 9 | 10-12 || total
-------------------------+-------+-------+-------+-------++-------
Melee: War axe           |    96 |   224 |   528 |   130 ||   978
Invok: Heroism           |       |       |       |     1 ||     1
Evoke: Wand              |       |       |     3 |       ||     3
  Use: Scroll            |       |     8 |     8 |     4 ||    20
       Potion            |       |     1 |     5 |     3 ||     9
